 Dungeon Crawl Stone Soup version 0.30-a0-1160-g6e42c06551 (webtiles) character file.

Game seed: 11746840448633079766

3599 Anamonty the Tainter (level 10, -9/65 HPs)
             Began as an Octopode Venom Mage on Apr 26, 2023.
             Killed from afar by an acid dragon (29 damage)
             ... with a splash of acid
             ... on level 9 of the Dungeon.
             The game lasted 00:13:32 (10506 turns).

Anamonty the Tainter (Octopode Venom Mage)         Turns: 10506, Time: 00:13:32

Health: -9/65      AC:  1    Str: 18    XL:     10   Next: 10%
Magic:  12/19      EV: 20    Int: 17    God:
Gold:   561        SH:  0    Dex: 13    Spells: 13/21 levels left

rFire   . . .        (no weapon)
rCold   . . .        (no shield)
rNeg    . . .        (helmet restricted)
rPois   .            (no amulet)
rElec   .            k - +6 ring of strength
rCorr   .            y - +5 ring of evasion
SInv    .            (no ring)
Will    .....        (no ring)
Stlth   ++++         (no ring)
HPRegen 0.30/turn    (no ring)
MPRegen 0.16/turn    (no ring)
                     (no ring)

%: no passive effects
@: studying Short Blades
A: almost no armour, amphibious, 8 rings, camouflage 1, gelatinous body 1,
nimble swimmer 1, tentacles
a: no special abilities


You were on level 9 of the Dungeon.
You visited 1 branch of the dungeon, and saw 9 of its levels.
You also visited: Ossuary.

You collected 561 gold pieces.

Inventory:

Jewellery
 k - a +6 ring of strength (left tentacle)
 y - a +5 ring of evasion (right tentacle)
Wands
 l - a wand of iceblast (11) (quivered)
 o - a wand of polymorph (9)
 D - a wand of flame (3)
Scrolls
 b - 6 scrolls of fear {unknown}
 f - 11 scrolls of identify {unknown}
 g - a scroll of enchant armour {unknown}
 j - 4 scrolls of teleportation {unknown}
 m - 2 scrolls of noise {unknown}
 q - a scroll of acquirement {unknown}
 s - a scroll of summoning {unknown}
 t - a scroll of blinking {unknown}
 u - 2 scrolls of magic mapping {unknown}
 v - 3 scrolls of enchant weapon {unknown}
 w - 4 scrolls of immolation {unknown}
 B - 3 scrolls of torment {unknown}
 E - a scroll of vulnerability {unknown}
Potions
 a - 4 potions of magic
 c - 2 potions of berserk rage {unknown}
 d - 8 potions of curing
 e - 2 potions of flight {unknown}
 h - a potion of haste
 i - a potion of brilliance
 n - a potion of mutation {unknown}
 p - 3 potions of might {unknown}
 r - 2 potions of invisibility {unknown}
 x - a potion of ambrosia {unknown}
 z - a potion of resistance {unknown}
 A - 5 potions of heal wounds {unknown}
 C - 3 potions of degeneration {unknown}


   Skills:
 + Level 4.8 Fighting
 + Level 6.9 Dodging
 - Level 2.6 Stealth
 + Level 6.3 Spellcasting
 - Level 1.0 Transmutations
 * Level 11.7 Poison Magic


You had 13 spell levels left.
You knew the following spells:

 Your Spells              Type           Power      Damage    Failure   Level
a - Sting                 Tmut/Pois      100%       1d8       1%          1
b - Olgreb's Toxic Radia  Pois           45%        N/A       1%          4
c - Mephitic Cloud        Conj/Pois/Air  18%        N/A       8%          3

Your spell library contained the following spells:

 Spells                   Type           Power      Damage    Failure   Level
 Poisonous Vapours        Pois/Air       50%        N/A       1%          2
 Magic Dart               Conj           20%        1d4       12%         1
 Call Imp                 Summ           10%        N/A       19%         2
 Volatile Blastmotes      Fire/Tloc      10%        2d10      36%         3
 Anguish                  Hex/Necr       2%         N/A       77%         4
 Fulminant Prism          Conj/Hex       2%         3d5       77%         4
 Iskenderun's Mystic Bla  Conj/Tloc      5%         2d3       77%         4
 Lee's Rapid Deconstruct  Erth           2%         3d5*      98%         5
 Enfeeble                 Hex            2%         N/A       100%        7


Dungeon Overview and Level Annotations

Branches:
Dungeon (9/15)             Temple (0/1) D:5         Ossuary (visited)
   Lair: D:8-11         Orc: D:9-12

Altars:
Ashenzari
Cheibriados
Elyvilon
Fedhas
Kikubaaqudgha
Ru
Trog
Uskayaw
Vehumet
Wu Jian
Xom
Yredelemnul
The Shining One

Annotations:
D:7 2 transporters, Odexios's ghost, novice OpSu


Innate Abilities, Weirdness & Mutations

You cannot wear most types of armour.
You are amphibious.
You can wear up to eight rings at the same time.
Your skin changes colour to match your surroundings (Stealth+).
Your rubbery body absorbs attacks. (AC +1, EV +1)
You are camouflaged when in or above water. (Stealth+)
You have tentacles for arms and can constrict up to eight enemies at once.


Message History

You hear a roar!
The gnoll is engulfed in noxious fumes.
The gnoll appears confused.
The electric eel shoots out a bolt of lightning at you!
The bolt of electricity hits the gnoll!
The gnoll dies!
The bolt of electricity hits you!
You kill the gnoll!
You hear a splash.
Casting: Mephitic Cloud (dangerous; 8% risk of failure)
Confirm with . or Enter, or press ? or * to list all spells.
You begin to radiate toxic energy.
The gnoll sergeant looks even sicker.
The electric eel is engulfed in noxious fumes.
The electric eel appears confused.
The electric eel flops around on dry land!
Unknown command.
An acid dragon comes into view.
The gnoll sergeant looks as sick as possible!
The electric eel looks even sicker.
You kill the electric eel!
A wight comes into view. It is wielding a +3 mace.
A gnoll comes into view. It is wielding a +0 halberd.
The gnoll shouts!
The gnoll is poisoned.
Your toxic aura wanes.
The acid dragon roars!
You hear a shout!
You kill the gnoll sergeant!
You hear a splash. x3
A gnoll comes into view. It is wielding a +0 halberd.
The acid dragon spits acid at you. The splash of acid misses you.
The acid dragon spits acid at you. The splash of acid hits you!!
You see here a +0 flail.
You enter the shallow water.
The acid dragon spits acid at you. The splash of acid hits you!
* * * LOW HITPOINT WARNING * * *
The acid dragon spits acid at you. The splash of acid hits you!!
You die...

#......###~~~~~~###.#
#########~~~D~~~~##.#
##~~~~~~~~~~#.#
##~~~~~~~~~~~~.#
#~~~~~~~~~~~~~.#
##~~~~~~~~~~~~.#
##~~~~~~~~~~#.#
##~~†~~~~~...#
##~~@~~~..###
##~~~~..## ###~~####
####...##
####....##########
##....#####.......
##..###..........###
.........†...........
.##.####............#


You could see an acid dragon (catching breath).

Vanquished Creatures
  A steam dragon (D:9)
  Menkaure (D:6)
  A water moccasin (D:6)
  2 orc warriors (D:8)
  2 black bears
  A centaur (D:6)
  An ogre (D:5)
  2 phantoms
  A bullfrog (D:9)
  3 elf zombies (Ossuary)
  2 gnoll sergeants
  A scorpion (D:6)
  4 wights (D:7)
  6 electric eels
  2 howler monkeys (D:8)
  5 human zombies (Ossuary)
  4 centaur zombies (Ossuary)
  3 hounds
  3 jellies (D:5)
  12 orc priests
  4 orc wizards
  3 sleepcaps
  6 iguanas
  Ijyb (D:3)
  4 mummies
  15 gnolls
  9 adders
  2 white imps (D:8)
  4 ufetubi
  3 dart slugs
  29 orcs
  3 endoplasms
  6 giant cockroaches
  4 goblins
  8 hobgoblins
  10 jackals
  13 kobolds
  4 quokkas
  8 ball pythons
  5 bats
  2 frilled lizards
  10 rats
  A butterfly (D:5)
211 creatures vanquished.

Vanquished Creatures (others)
  A gnoll (D:9)
  9 fungi
  10 plants
20 creatures vanquished.

Grand Total: 231 creatures vanquished

Notes
Turn   | Place    | Note
-------+----------+-------------------------------------------
     0 | D:1      | Anamonty the Octopode Venom Mage began the quest for the
                  | Orb.
     0 | D:1      | Reached XP level 1. HP: 11/11 MP: 3/3
    96 | D:1      | Reached skill level 4 in Poison Magic
    96 | D:1      | Reached XP level 2. HP: 17/17 MP: 1/5
   405 | D:1      | Reached XP level 3. HP: 21/21 MP: 6/6
  1082 | D:2      | Reached XP level 4. HP: 19/27 MP: 5/7
  1159 | D:1      | Reached skill level 5 in Poison Magic
  1256 | D:1      | Learned a level 4 spell: Olgreb's Toxic Radiance
  1793 | D:3      | Reached XP level 5. HP: 30/31 MP: 9/9
  2305 | D:3      | Found a bloodstained altar of Trog.
  2859 | D:4      | Noticed Ijyb
  2869 | D:3      | Killed Ijyb
  2972 | D:4      | Reached skill level 6 in Poison Magic
  3066 | D:4      | Reached XP level 6. HP: 28/36 MP: 7/10
  3332 | D:4      | HP: 1/36 [ufetubus (3)]
  4174 | D:5      | Entered Level 5 of the Dungeon
  4219 | D:5      | Reached skill level 7 in Poison Magic
  4219 | D:5      | Reached XP level 7. HP: 12/41 MP: 4/12
  4432 | D:5      | Found a blossoming altar of Fedhas.
  4472 | D:5      | Found a radiant altar of Vehumet.
  4578 | D:5      | Found a staircase to the Ecumenical Temple.
  4809 | D:5      | Found a snail-covered altar of Cheibriados.
  4907 | D:5      | Found a shimmering altar of Xom.
  5153 | D:5      | Reached skill level 8 in Poison Magic
  5357 | D:5      | Reached XP level 8. HP: 47/47 MP: 8/14
  5453 | D:6      | Reached skill level 1 in Fighting
  5575 | D:6      | Reached skill level 5 in Dodging
  5711 | D:5      | Learned a level 3 spell: Mephitic Cloud
  5916 | D:6      | Reached skill level 9 in Poison Magic
  6254 | D:6      | Found a glowing golden altar of the Shining One.
  6255 | D:6      | Found a basalt altar of Yredelemnul.
  6272 | D:6      | Noticed an angel
  6339 | D:6      | Reached skill level 5 in Spellcasting
  6432 | D:6      | Noticed Menkaure
  6436 | D:6      | Killed Menkaure
  6492 | D:6      | Found an ornate altar of the Wu Jian Council.
  6526 | D:6      | Reached XP level 9. HP: 46/55 MP: 8/16
  6727 | D:6      | Noticed a profane servitor
  6838 | D:7      | Reached skill level 10 in Poison Magic
  6890 | D:7      | Found a hide-covered altar of Uskayaw.
  6913 | D:7      | Found a transporter.
  6965 | D:7      | Noticed a centaur warrior
  7239 | D:7      | HP: 1/49 [wight/+3 flail (14)]
  7886 | D:7      | Noticed Odexios's ghost (novice OpSu)
  7978 | D:7      | Found a sacrificial altar of Ru.
  7980 | D:7      | Found an ancient bone altar of Kikubaaqudgha.
  8464 | D:7      | Found a transporter.
  8948 | D:8      | Found a white marble altar of Elyvilon.
  9014 | D:8      | Found a sand-covered staircase.
  9025 | Ossuary  | Entered an ossuary
  9245 | Ossuary  | Reached skill level 11 in Poison Magic
 10261 | D:9      | Found a broken altar of Ashenzari.
 10273 | D:9      | Reached XP level 10. HP: 51/65 MP: 14/19
 10506 | D:9      | Killed from afar by an acid dragon

Illustrated notes

Levels and vault maps discovered:
D:1:      dpeg_arrival_line_fractal, layout_loops_ring
D:2:      layout_rooms
D:3:      minmay_spotlight, layout_basic, amcnicky_altar_gilded,
          marbit_many_paths, minivault_19
D:4:      layout_cave_pods, uniq_ijyb
D:5:      layout_gridville, lemuel_doored_altar, kennysheep_mini,
          xom_butterflies, fedhas_ov_isle_minmay, minmay_temple_entry_junction_2
D:6:      layout_loops_cross, grunt_temple_overflow_holy_war,
          nzn_wu_jian_contemplation, dreamdust_mushroom_princess,
          chequers_serial_rivers_micro_c, serial_bayou_lagoon_a, uniq_menkaure
D:7:      layout_layer_cave, mainiacjoe_overflow_surrounded_room,
          mainiacjoe_overflow_catwalk_spiral, gammafunk_ghost_arena,
          water_boxes_lemuel
D:8:      layout_gridville, nicolae_elyvilon_temple_path,
          gup_ossuary_entry_pyramid
D:9:      layout_basic, nicolae_overflow_crystal_walls,
          chequers_serial_rivers_small_b, minivault_5

Skill      XL: |  1  2  3  4  5  6  7  8  9 |
---------------+----------------------------+-----
Poison Magic   | 4 5 6 7 8 9 11 | 11.7
Dodging        | 3 4 5 6 |  6.9
Spellcasting   | 3 4 5 6 |  6.3
Fighting       | 2 4 |  4.8
Stealth        | |  2.6
Transmutations | |  1.0

Action                     |  1- 3 |  4- 6 |  7- 9 | 10-12 || total
---------------------------+-------+-------+-------+-------++-------
  Melee: Unarmed           |    61 |   112 |   232 |    12 ||   417
         Constrict         |    19 |    35 |    46 |     2 ||   102
         Tentacles         |    14 |    27 |    98 |     5 ||   144
         Punch             |       |     1 |     6 |     1 ||     8
   Cast: Sting             |    24 |    41 |    37 |       ||   102
         Olgreb's Toxic Ra |       |    10 |    41 |     4 ||    55
         Mephitic Cloud    |       |       |     5 |     3 ||     8
  Evoke: Wand              |       |     6 |    21 |       ||    27
    Use: Potion            |       |       |     4 |       ||     4
   Stab: Sleeping          |     3 |     5 |     3 |       ||    11
         Distracted        |       |     1 |       |       ||     1
 Armour: Skin              |     4 |     7 |     8 |       ||    19
  Dodge: Dodged            |    56 |   102 |   194 |    12 ||   364

Table legend: (Time is in decaauts)
 A = Elapsed time spent in this place.
 B = Non-inter-level travel time spent in this place.
 C = Inter-level travel time spent in this place.
 D = Time resting spent in this place.
 E = Time spent auto-exploring this place.
 F = Levels seen in this place.
 G = Mean time per level.
                   A        B        C        D        E       F      G
               +--------+--------+--------+--------+--------+-----+--------+
         Total |  10493 |  10242 |    251 |      0 |   8419 |  10 | 1049.3 |
       Dungeon |   9873 |   9622 |    251 |      0 |   7960 |   9 | 1097.0 |
       Ossuary |    619 |    619 |      0 |      0 |    459 |   1 |  619.0 |
               +--------+--------+--------+--------+--------+-----+--------+

Top non-repeatable levels by time:
     D:7: 1725 daAuts
     D:5: 1457 daAuts
     D:6: 1352 daAuts
     D:4: 1213 daAuts
     D:1: 1193 daAuts
     D:3: 1173 daAuts
     D:8: 762 daAuts
 Ossuary: 619 daAuts
     D:2: 596 daAuts
     D:9: 398 daAuts
